 Dungeon Crawl Stone Soup version 0.21.1-68-g103a7af (webtiles) character file.

188 timruff the Chopper (level 5, -3/48 HPs)
             Began as a Minotaur Berserker on Aug 1, 2018.
             Was a Believer of Trog.
             Slain by an orc
             ... wielding a +0 flail
              (5 damage)
             ... on level 4 of the Dungeon.
             The game lasted 00:05:36 (2156 turns).

timruff the Chopper (Minotaur Berserker)            Turns: 2156, Time: 00:05:37

Health: -3/48      AC:  9    Str: 22    XL:     5   Next: 39%
Magic:  4/4        EV:  9    Int:  4    God:    Trog [**....]
Gold:   167        SH:  0    Dex: 14    Spells: 4/4 levels left

rFire    + . .     SeeInvis .   a - +0 hand axe
rCold    x . .     Gourm    .   (no shield)
rNeg     . . .     Faith    .   e - +0 chain mail
rPois    .         Spirit   .   (helmet restricted)
rElec    .         Reflect  .   (no cloak)
rCorr    .         Harm     .   (no gloves)
MR       .....                  (no boots)
Stlth    ..........             (no amulet)
HPRegen  0.16/turn              l - +4 ring of dexterity
MPRegen  0.09/turn              n - ring of fire

@: drained
A: retaliatory headbutt, horns 2
a: Berserk, Trog's Hand, Burn Spellbooks, Renounce Religion


You were on level 4 of the Dungeon.
You worshipped Trog.
Trog was pleased with you.
You were hungry.

You visited 1 branch of the dungeon, and saw 4 of its levels.

You collected 167 gold pieces.

Inventory:

Hand Weapons
 a - a +0 hand axe (weapon)
Armour
 b - a +0 animal skin
 d - a +0 leather armour
 e - a +0 chain mail (worn)
Jewellery
 f - a cursed amulet of inaccuracy {unknown}
 l - a +4 ring of dexterity (left hand)
 n - a ring of fire (right hand)
Scrolls
 g - a scroll of fog {unknown}
 h - a scroll of amnesia {unknown}
 i - a scroll of random uselessness {unknown}
 o - a scroll of teleportation
 q - 2 scrolls of enchant weapon {unknown}
Potions
 j - 2 potions of flight {unknown}
 k - 2 potions of might {unknown}
 m - 2 potions of curing {unknown}
 p - a potion of lignification {unknown}
Comestibles
 c - 6 rations


   Skills:
 + Level 5.0(4.9) Fighting
 + Level 5.4(5.3) Axes
 + Level 3.3(3.2) Armour
 + Level 3.1 Dodging
 + Level 0.3 Stealth


You had 4 spell levels left.
You didn't know any spells.

Dungeon Overview and Level Annotations

Branches:
Dungeon (4/15)
 Temple: D:4-7

Altars:
Yredelemnul

Annotations:
D:4 zapotec's ghost, amateur KoFi


Innate Abilities, Weirdness & Mutations

You reflexively headbutt those who attack you in melee.
You have a pair of horns on your head.


Message History

The orc hits you with a flail.
* * * LOW HITPOINT WARNING * * *
You barely miss zapotec's ghost. Your headbutt misses zapotec's ghost.
Zapotec's ghost is almost destroyed.
Your chain mail prevents you from hitting the orc.
Zapotec's ghost closely misses you.
You hit zapotec's ghost.
You headbutt zapotec's ghost, but do no damage.
Zapotec's ghost is almost destroyed.
You closely miss the orc. The orc barely misses you. You furiously retaliate!
You headbutt the orc, but do no damage. Zapotec's ghost closely misses you.
You hit zapotec's ghost but do no damage.
Zapotec's ghost is almost destroyed.
You hit the orc but do no damage. The orc hits you with a flail.
* * * LOW HITPOINT WARNING * * *
Zapotec's ghost hits you but does no damage.
You hit zapotec's ghost but do no damage.
Zapotec's ghost is almost destroyed.
You hit the orc but do no damage. The orc hits you with a flail.
You die...

###########
#..........
#.......$..
#..........
#..........
#..?.......
###..oW......
#....@..# #
#.......#.#
#.......#.#
#..!......#
#.......###
#.###.....#
#. #.###.# #.
#..<#.# #
##### #


You could see zapotec's ghost and an orc.

Vanquished Creatures
  An orc priest (D:3)
  An orc wizard (D:3)
  A worker ant (D:2)
  3 adders
  An ooze (D:3)
  2 worms
  2 dart slugs
  4 leopard geckos
  7 orcs (D:3)
  8 bats
  2 giant cockroaches
  5 hobgoblins
  3 jackals (D:2)
  A quokka (D:2)
  A frilled lizard (D:2)
  5 goblins
  6 kobolds
  10 rats
63 creatures vanquished.

Notes
Turn   | Place    | Note
-------+----------+-------------------------------------------
     0 | D:1      | timruff the Minotaur Berserker began the quest for the Orb.
     0 | D:1      | Reached XP level 1. HP: 19/19 MP: 0/0
     2 | D:1      | ²
   314 | D:1      | Reached XP level 2. HP: 27/27 MP: 1/1
   876 | D:2      | Reached XP level 3. HP: 9/33 MP: 2/2
  1092 | D:2      | Reached XP level 4. HP: 10/41 MP: 3/3
  1329 | D:2      | Found a faded altar of an unknown god.
  1484 | D:3      | Reached ** piety under Trog
  1697 | D:3      | Found a basalt altar of Yredelemnul.
  1705 | D:3      | Reached skill level 5 in Axes
  1705 | D:3      | Reached XP level 5. HP: 31/47 MP: 4/4
  1849 | D:3      | Reached skill level 5 in Fighting
  2139 | D:4      | Noticed zapotec's ghost (amateur KoFi)
  2152 | D:4      | HP: 2/48 [orc/flail (6)]
  2156 | D:4      | Slain by an orc

Skill      XL: |  1  2  3  4  5 |
---------------+----------------+-----
Axes           | 4 5 |  5.4
Fighting       | 4 5 |  5.0
Armour         | 3 |  3.3
Dodging        | 3 |  3.1
Stealth        | |  0.3

Action                   |  1- 3 |  4- 6 || total
-------------------------+-------+-------++-------
Melee: Hand axe          |    52 |    72 ||   124
       Headbutt          |     8 |    19 ||    27
  Use: Scroll            |       |     3 ||     3
  Eat: Chunk             |       |     3 ||     3
Armor: Animal skin       |     1 |       ||     1
       Leather armour    |     4 |    13 ||    17
       Chain mail        |       |    11 ||    11
Dodge: Dodged            |    35 |    54 ||    89
